 Dungeon Crawl Stone Soup version 0.31.0-11-ge490571c62 (webtiles) character file.

Game seed: 1855036768921235630

163 qw the Shooter (level 5, -4/26 HPs)
             Began as a Spriggan Hunter on Feb 3, 2024.
             Killed from afar by Sigmund (9 damage)
             ... with a puff of flame
             ... on level 3 of the Dungeon.
             The game lasted 00:00:08 (2140 turns).

qw the Shooter (Spriggan Hunter)                    Turns: 2140, Time: 00:00:09

Health: -4/26      AC:  2    Str:  7    XL:     5   Next: 20%
Magic:  6/6        EV: 20    Int: 10    God:
Gold:   66         SH:  0    Dex: 21    Spells: 4/4 levels left

rFire   . . .        a - +0 shortbow
rCold   . . .        (shield currently unavailable)
rNeg    . . .        c - +0 robe
rPois   .            (helmet restricted)
rElec   .            (no cloak)
rCorr   .            (gloves unavailable)
SInv    +            (boots unavailable)
Will    .....        (no amulet)
Stlth   ++           (no ring)
HPRegen 0.24/turn    (no ring)
MPRegen 0.10/turn

%: no passive effects
@: very quick
A: very small, no large weapons, unfitting armour, see invisible, speed 3
a: no special abilities


You were on level 3 of the Dungeon.
You visited 1 branch of the dungeon, and saw 3 of its levels.

You collected 66 gold pieces.


Innate Abilities, Weirdness & Mutations

You are very small and have problems with some larger weapons.
You are too small for most types of armour.
You have supernaturally acute eyesight. (SInv)
You cover ground extremely quickly. (Speed+++)


   Skills:
 - Level 2.2 Fighting
 + Level 5.3 Ranged Weapons
 - Level 5.0 Dodging
 - Level 1.5 Stealth


You had 4 spell levels left.
You didn't know any spells.
Your spell library was empty.

Inventory:

Hand Weapons
 a - a +0 shortbow (weapon)
Armour
 c - a +0 robe (worn)
Scrolls
 d - 3 scrolls of teleportation
 g - 2 scrolls of identify {unknown}
 i - a scroll of noise {unknown}
 j - a scroll of silence {unknown}
Potions
 b - a potion of magic {unknown}
 e - a potion of heal wounds {unknown}
 f - a potion of degeneration {unknown}
 h - a potion of ambrosia {unknown}

Dungeon Overview and Level Annotations

Branches:
Dungeon (3/15)

Altars:

Shops:
D:2 *

Annotations:
D:3 1 runed translucent door, Crazy Yiuf, Sigmund


Message History

You shoot an arrow. The arrow hits Sigmund!
Sigmund shouts!
Sigmund is moderately wounded.
You shoot an arrow. The arrow closely misses Sigmund.
You shoot an arrow. The arrow hits Sigmund.
Sigmund is heavily wounded.
Sigmund casts a spell at you. The magic dart hits you!
2118 ||| FLEEEEING.
2119 ||| FLEEEEING.
2120 ||| FLEEEEING.
2121 ||| FLEEEEING.
2122 ||| FLEEEEING.
2123 ||| FLEEEEING.
2124 ||| FLEEEEING.
You start resting.
Sigmund is nearby!
2126 ||| FLEEEEING.
2127 ||| FLEEEEING.
You start resting.
Sigmund is nearby!
2129 ||| FLEEEEING.
2130 ||| FLEEEEING.
You start resting.
Sigmund is nearby!
2134 ||| FLEEEEING.
Sigmund says, "Your kind have come here before.
I understand now why.
You desire death..."
Sigmund zaps a wand.
The puff of flame hits you!
2135 ||| FLEEEEING.
Sigmund gestures at you while chanting. The magic dart hits you.
2136 ||| FLEEEEING.
You start resting.
Sigmund is nearby!
2139 ||| FLEEEEING.
There is a stone staircase leading up here.
2140 ||| STAIRDANCE Sigmund zaps a wand.
The puff of flame hits you!
You die...
Sigmund begins carving another notch in his scythe.

.# #...# #.# #.####
..####...####.####@#...
........##.@..........
#.........#.#@##...#.
#.............##...#.
#...........####...#.
####...#....(......#.
>.#...##............
#.#@..##.##########.
#.######.# # #.# ##'## #.#
##...## ####.# ##.....##
##.##.###.......#
##########...#.##.........#
................'.........+
##########...#.##.........#


You could see Sigmund.

Vanquished Creatures
  An orc priest (D:2)
  Terence (D:3)
  3 adders
  A ribbon worm (D:2)
  2 dart slugs
  3 orcs
  6 ball pythons
  An endoplasm (D:1)
  4 giant cockroaches
  6 goblins
  8 hobgoblins
  4 jackals (D:3)
  A quokka (D:1)
  9 bats
  4 frilled lizards
  9 kobolds
  7 rats
70 creatures vanquished.

Notes
Turn   | Place    | Note
-------+----------+-------------------------------------------
     0 | D:1      | qw the Spriggan Hunter began the quest for the Orb.
     0 | D:1      | Reached XP level 1. HP: 10/10 MP: 2/2
     0 | D:1      | 0 ||| qw: Version: 0.3-a-157-g843a77d
     0 | D:1      | 0 ||| qw: Game counter: 3732
     0 | D:1      | 0 ||| qw: Melee chars always use a shield: true
     0 | D:1      | 0 ||| qw: God list: Okawaru
     0 | D:1      | 0 ||| qw: Allow faded altars: false
     0 | D:1      | 0 ||| qw: Do Orc after clearing Dungeon:15 true
     0 | D:1      | 0 ||| qw: Do second Lair branch before Depths: true
     0 | D:1      | 0 ||| qw: Lair rune preference: random
     0 | D:1      | 0 ||| qw: Goals: Normal
     0 | D:1      | 0 ||| PLANNING D:1-11
    39 | D:1      | Reached skill level 3 in Dodging
   157 | D:1      | Reached XP level 2. HP: 14/14 MP: 3/3
   834 | D:1      | 834 ||| READING scroll labelled SECUBRI CAOGU.
   835 | D:1      | 835 ||| READING scroll labelled ZEABLEBRYI.
   840 | D:1      | 840 ||| DROPPING scroll of butterflies.
   900 | D:2      | Found Kiqat's General Store.
   903 | D:2      | Reached XP level 3. HP: 18/18 MP: 4/4
   934 | D:2      | 934 ||| SHOPLISTING 2 scrolls of identify (56 gold, have
                  | 5).
   934 | D:2      | 934 ||| SHOPLISTING potion of mutation (112 gold, have 5).
   934 | D:2      | 934 ||| SHOPLISTING scroll of teleportation (42 gold, have
                  | 5).
  1031 | D:2      | Reached XP level 4. HP: 22/22 MP: 5/5
  1078 | D:2      | You fall into a shaft and drop 1 floor!
  1086 | D:3      | Identified the +5 hand axe "Anoing" {pain, Dex+4}
  1430 | D:2      | 1430 ||| READING scroll labelled PUMAECZANI.
  1431 | D:2      | 1431 ||| READING scroll labelled EPRIHU SAEHOSI.
  1520 | D:3      | Noticed Terence
  1528 | D:3      | Killed Terence
  1529 | D:3      | Reached XP level 5. HP: 26/26 MP: 6/6
  1775 | D:3      | Found a runed translucent door.
  1776 | D:3      | Noticed Crazy Yiuf
  2113 | D:3      | Noticed Sigmund
  2118 | D:3      | 2118 ||| FLEEEEING.
  2119 | D:3      | 2119 ||| FLEEEEING.
  2120 | D:3      | 2120 ||| FLEEEEING.
  2121 | D:3      | 2121 ||| FLEEEEING.
  2122 | D:3      | 2122 ||| FLEEEEING.
  2123 | D:3      | 2123 ||| FLEEEEING.
  2124 | D:3      | 2124 ||| FLEEEEING.
  2126 | D:3      | 2126 ||| FLEEEEING.
  2127 | D:3      | 2127 ||| FLEEEEING.
  2129 | D:3      | 2129 ||| FLEEEEING.
  2130 | D:3      | 2130 ||| FLEEEEING.
  2134 | D:3      | 2134 ||| FLEEEEING.
  2135 | D:3      | 2135 ||| FLEEEEING.
  2135 | D:3      | HP: 4/26 [Sigmund/magic dart (6)]
  2136 | D:3      | 2136 ||| FLEEEEING.
  2139 | D:3      | 2139 ||| FLEEEEING.
  2140 | D:3      | 2140 ||| STAIRDANCE
  2140 | D:3      | Killed from afar by Sigmund

Levels and vault maps discovered:
D:1:      tekkud_arrival_beachfront_property, layout_loops_ring
D:2:      layout_basic, serial_shops, nicolae_shop_tiny_waterfront,
          minmay_small_reverse_x
D:3:      layout_loops_corners, uniq_sigmund, uniq_crazy_yiuf_cottage,
          uniq_terence

Skill      XL: |  1  2  3  4 |
---------------+-------------+-----
Dodging        | 3 4 5 |  5.0
Ranged Weapons | 5 |  5.3
Fighting       | 2 |  2.2
Stealth        | |  1.5

Action                     |  1- 3 |  4- 6 || total
---------------------------+-------+-------++-------
   Fire: Shortbow          |    89 |   112 ||   201
    Use: Scroll            |     2 |     2 ||     4
 Armour: Robe              |    11 |    10 ||    21
  Dodge: Dodged            |    17 |    44 ||    61

Table legend:
 A = Non-vault XP
 B = Vault XP
 C = Vault XP percentage of total XP
 D = Non-vault monster count
 E = Vault monster count
 F = Vault count percentage of total count
                 A         B        C        D         E       F
            +---------+---------+-------+---------+---------+-------
      Total |     190 |      43 |  18.5 |      65 |       5 |   7.1
            +---------+---------+-------+---------+---------+-------
        D:1 |      38 |       0 |   0.0 |      23 |       0 |   0.0
        D:2 |     113 |       7 |   5.8 |      27 |       4 |  12.9
        D:3 |      39 |      36 |  48.0 |      15 |       1 |   6.2
            +---------+---------+-------+---------+---------+-------
